 Dungeon Crawl Stone Soup version 0.28.0 (webtiles) character file.

Game seed: 14520069911268972417

25 Rygaar the Shield-Bearer (level 2, -7/27 HPs)
             Began as a Minotaur Fighter on Apr 18, 2022.
             Was an Elder of Uskayaw.
             Killed by divine providence
             ... invoked by an orc priest
              (13 damage)
             ... on level 3 of the Dungeon.
             The game lasted 00:03:53 (430 turns).

Rygaar the Shield-Bearer (Minotaur Fighter)          Turns: 430, Time: 00:03:54

Health: -7/27      AC:  7    Str: 20    XL:     2   Next: 86%
Magic:  1/1        EV:  9    Int:  5    God:    Uskayaw [****..]
Gold:   77         SH:  4    Dex:  9    Spells: 1/1 levels left

rFire   . . .      SeeInvis .   a - +0 war axe
rCold   . . .      Faith    .   c - +0 buckler
rNeg    . . .      Spirit   .   b - +0 scale mail
rPois   .          Reflect  .   (helmet restricted)
rElec   .          Harm     .   (no cloak)
rCorr   .          Rampage  .   (no gloves)
Will    .....                   (no boots)
Stlth   ..........              (no amulet)
HPRegen 0.09/turn               (no ring)
MPRegen 0.07/turn               (no ring)

@: no status effects
A: horns 2, retaliatory headbutt
a: Renounce Religion, Stomp, Line Pass


You were on level 3 of the Dungeon.
You worshipped Uskayaw.
Uskayaw was noncommittal.
You visited 1 branch of the dungeon, and saw 3 of its levels.

You collected 77 gold pieces.

Inventory:

Hand Weapons
 a - a +0 war axe (weapon)
Missiles
 g - 14 arrows
Armour
 b - a +0 scale mail (worn)
 c - a +0 buckler (worn)
Potions
 d - 2 potions of might
 e - a potion of attraction {unknown}
 f - a potion of ambrosia {unknown}
 h - a potion of curing {unknown}


   Skills:
 + Level 4.1 Fighting
 + Level 2.7 Axes
 + Level 4.0 Armour
 + Level 4.1 Shields


You had one spell level left.
You didn't know any spells.
Your spell library was empty.

Dungeon Overview and Level Annotations

Branches:
Dungeon (3/15)

Altars:
Uskayaw


Innate Abilities, Weirdness & Mutations

You have a pair of horns on your head.
You reflexively headbutt those who attack you in melee.


Message History

Uskayaw prepares the audience for your solo!
The helpless endoplasm fails to defend itself.
You hit the endoplasm.
The endoplasm is moderately wounded.
The endoplasm is no longer paralysed.
The giant cockroach is no longer paralysed.
The orc priest is no longer paralysed.
The endoplasm freezes you.
You are frozen.
You completely miss the endoplasm.
The endoplasm is moderately wounded.
The endoplasm hits you but does no damage.
The endoplasm closely misses you.
You slash the endoplasm!
You kill the endoplasm!
The orc priest begins to cast a cantrip, but forgets the words!
The giant cockroach closely misses you.
Uskayaw will force your foes to share their pain.
Uskayaw links your audience in an emotional bond!
Your Armour skill increases to level 4!
Unknown command.
You barely miss the giant cockroach.
Your headbutt misses the giant cockroach.
The giant cockroach is no longer sharing its pain.
The orc priest is no longer sharing its pain.
The giant cockroach bites you but does no damage.
You hit the giant cockroach.
You kill the giant cockroach!
The orc priest barely misses you.
You barely miss the orc priest.
The orc priest mumbles some strange prayers to Beogh against you.
Pain shoots through your body!
* * * LOW HITPOINT WARNING * * *
You closely miss the orc priest. The orc priest hits you with a +0 club.
* * * LOW HITPOINT WARNING * * *
You slash the orc priest!
The orc priest is almost dead.
The orc priest invokes the aid of Beogh against you.
Beogh smites you!
You die...

#.............
.....<.......
............ #
........... #.
..........
.##.#
.........
.....#
#.......#
......###.#
......o@#.#
.....##...#
... ##....# .
#.##....# ..#
###..# .... ..
..### ... #...


You could see an orc priest.

Vanquished Creatures
  A dart slug (D:1)
  3 orcs (D:3)
  4 endoplasms
  3 giant cockroaches
  A goblin (D:2)
  A hobgoblin (D:2)
  A quokka (D:2)
  A ball python (D:1)
  2 kobolds
17 creatures vanquished.

Notes
Turn   | Place    | Note
-------+----------+-------------------------------------------
     0 | D:1      | Rygaar the Minotaur Fighter began the quest for the Orb.
     0 | D:1      | Reached XP level 1. HP: 19/19 MP: 0/0
    79 | D:1      | Found a faded altar of an unknown god.
    95 | D:1      | Prayed at the altar of an unknown god.
    95 | D:1      | Became a worshipper of Uskayaw the Reveller
    95 | D:1      | Reached * piety under Uskayaw
   181 | D:1      | Reached XP level 2. HP: 21/27 MP: 1/1
   355 | D:2      | Reached ** piety under Uskayaw
   422 | D:3      | Reached *** piety under Uskayaw
   425 | D:3      | Reached **** piety under Uskayaw
   430 | D:3      | Killed from afar by an orc priest

Illustrated notes

Levels and vault maps discovered:
D:1:      dpeg_arrival_chambers_temple_mockup, layout_basic,
          hellmonk_ecumenical_altar_slurped_away, minmay_pentomino_q2
D:2:      layout_basic
D:3:      layout_rooms

Skill      XL: |  1  2 |
---------------+-------+-----
Shields        | 4 |  4.1
Fighting       | 4 |  4.1
Armour         | 4 |  4.0
Axes           | |  2.7

Action                   || total
-------------------------++-------
Melee: War axe           ||    26
       Headbutt          ||     2
 Stab: Paralysed         ||     1
Armor: Scale mail        ||     9
Dodge: Dodged            ||    12
Block: Buckler           ||     2
